AoeStats
← Quetzal!

Coastal Forest

510898632Analyzed
4v4 RM · 20h ago on Oct 3, 2026· 47m 20s· 8 players
Game mode
Random Map
Map size
Large (8 player)
Population
200
Speed
Normal
Resources
Standard
Victory
Conquest
Starting age
Dark Age
Ending age
Imperial Age
RankedLock teamsTeams togetherTeam positionsShared explorationLock speedFull tech treeHidden civsTurbo modeCheats
Victory
Defeat
🇺🇸 Varangians · United States
827
+12
🇹🇼 Huns · Taiwan
823
+12
🇨🇦 Ethiopians · Canada
692
+17
🇦🇷 Portuguese · Argentina
671
+18
🇲🇽 Jurchens · Mexico
777
-17
🇺🇸 Spanish · United States
767
-16
🇰🇿 Dravidians · Kazakhstan
755
-16
🇲🇽 Britons · Mexico
609
-10
sinko peso
6:13 Loom
11:54 Feudal Age
13:13 Wheelbarrow
12:22 Horse Collar
16:56 Gold Mining
16:55 Double-Bit Axe
26:04 Castle Age
26:01 Man-at-Arms
Quetzal!
0:40 Loom
10:17 Feudal Age
11:26 Double-Bit Axe
13:49 Gold Mining
13:41 Horse Collar
14:43 Wheelbarrow
13:54 Town Watch
17:30 Fishing Lines
23:07 Castle Age
21:49 Fletching
26:22 Bow Saw
ageofscarlet
11:12 Feudal Age
13:59 Double-Bit Axe
14:36 Fletching
15:12 Horse Collar
15:36 Loom
16:17 Padded Archer Armor
18:09 Wheelbarrow
20:50 Castle Age
20:11 Scale Mail Armor
20:36 Gold Mining
21:44 Bodkin Arrow
21:14 Crossbowman
24:15 Ballistics
25:21 Hand Cart
26:14 Leather Archer Armor
26:10 Forging
nickvictory98
12:39 Feudal Age
13:19 Double-Bit Axe
15:10 Loom
19:01 Castle Age
27:12 Pikeman
maxhell
8:33 Loom
11:06 Feudal Age
12:33 Wheelbarrow
11:46 Double-Bit Axe
11:43 Horse Collar
14:09 Fishing Lines
23:27 Castle Age
21:56 Stone Mining
22:01 Gold Mining
25:51 Hand Cart
25:48 Bow Saw
25:39 Heavy Plow
28:09 Gold Shaft Mining
28:11 Stone Shaft Mining
28:17 Stone Shaft Mining
29:34 Gillnets
38:05 Imperial Age
36:40 Scale Mail Armor
36:52 Forging
37:35 Town Watch
40:50 Iron Casting
40:30 Chain Mail Armor
41:00 Elite Shotel Warrior
42:43 Blast Furnace
41:38 Spies/Treason
45:22 Plate Mail Armor
White Pride Worldwide
10:27 Feudal Age
13:51 Bloodlines
18:12 Double-Bit Axe
20:37 Horse Collar
25:52 Castle Age
24:32 Scale Mail Armor
24:40 Scale Barding Armor
25:15 Town Watch
27:19 Forging
29:11 Gold Mining
31:22 Heavy Plow
35:13 Wheelbarrow
38:23 Iron Casting
38:08 Chain Barding Armor
38:31 Bow Saw
39:25 Hand Cart
44:14 Husbandry
43:37 Light Cavalry
TheBigRick9781
2:14 Loom
10:34 Feudal Age
12:03 Wheelbarrow
11:54 Double-Bit Axe
16:03 Fletching
18:32 Padded Archer Armor
21:46 Castle Age
19:56 Town Watch
19:54 Horse Collar
21:32 Stone Mining
22:15 Gold Mining
21:58 Crossbowman
23:14 Hand Cart
24:04 Bow Saw
27:24 Leather Archer Armor
30:01 Heavy Plow
34:30 Imperial Age
35:23 Heated Shot
35:58 Ballistics
36:39 Chemistry
35:13 Arbalester
37:49 Two-Man Saw
36:46 Bodkin Arrow
37:23 Ring Archer Armor
42:55 Stone Shaft Mining
42:23 Town Patrol
43:59 Crop Rotation
43:10 Pikeman
43:36 Gambesons
44:02 Forging
43:52 Scale Mail Armor
43:52 Bracer
43:59 Scale Barding Armor
45:29 Elite Organ Gun
46:12 Arquebus
45:37 Spies/Treason
u9313317
0:28 Loom
13:02 Feudal Age
16:48 Castle Age
16:04 Scale Barding Armor
16:11 Bloodlines
16:14 Forging
19:01 Husbandry
20:34 Wheelbarrow
22:35 Town Watch
31:33 Gold Mining
31:31 Horse Collar
31:49 Double-Bit Axe
33:25 Iron Casting
33:43 Chain Barding Armor
42:00 Gold Shaft Mining
41:16 Stone Mining
41:44 Hand Cart
41:30 Town Patrol
41:47 Bow Saw
41:03 Light Cavalry
41:24 Light Cavalry
Connection lost

Rejoining the realm…

Still unreachable

The connection could not be restored.

Session expired

The server has moved on; the page needs a fresh start.